Map: Nightshade LE

Players

Serral

  • Race: Zerg Zerg
  • Spawn Location: 5:00

Zest - Winner!

  • Race: Protoss Protoss
  • Spawn Location: 11:00

Event: IEM Katowice 2020

VOD

Have the link to the VOD?

Description

Time

  • Played on: March 1, 2020, 4:26 a.m.
  • Length: 14:24

All games in this series

Show
View Real Time Build Order
Export as new Build Order

Serral Zerg 

Build Orders: Hatch First 

Get SALT Encoding   

  12  0:00  Drone  
  13  0:12  Overlord  
  13  0:17  Drone  
  14  0:31  Drone x2  
  16  0:44  Drone  
  17  0:52  Hatchery  
  17  0:55  Drone  
  17  0:59  Drone  
  18  1:09  Extractor  
  17  1:14  Spawning Pool  
  17  1:17  Drone  
  17  1:20  Drone  
  18  1:30  Drone  
  19  1:40  Overlord  
  19  2:00  Queen  
  21  2:01  Zergling x4  
  21  2:03  Queen  
  21  2:04  Zergling x2  
  26  2:09  Metabolic Boost  
  26  2:13  Drone  
  27  2:20  Zergling x2  
  27  2:22  Drone  
  29  2:26  Drone  
  30  2:33  Drone  
  31  2:47  Hatchery  
  29  2:52  Queen  
  29  2:57  Overlord  
  32  2:58  Drone  
  32  3:01  Drone  
  33  3:07  Drone  
  33  3:08  Drone  
  33  3:11  Drone  
  35  3:15  Drone  
  35  3:18  Drone x2  
  35  3:19  Drone  
  39  3:20  Drone  
  39  3:27  Drone  
  41  3:33  Roach Warren  
  41  3:34  Zergling x2  
  41  3:36  Drone  
  41  3:39  Extractor  
  41  3:42  Overlord  
  42  3:48  Drone  
  42  3:51  Drone  
  42  3:54  Drone  
  44  3:57  Overlord  
  44  4:02  Drone  
  45  4:03  Overlord  
  45  4:04  Zergling x2  
  46  4:15  Roach x6  
  58  4:31  Roach x4, Evolution Chamber  
  66  4:41  Spore Crawler  
  66  4:42  Spore Crawler, Evolution Chamber  
  64  4:49  Roach x3  
  64  4:52  Roach  
  72  4:55  Drone x2  
  72  4:57  Drone x2  
  72  5:02  Drone  
  72  5:03  Drone x2  
  73  5:07  Lair  
  73  5:12  Overlord  
  73  5:16  Overlord  
  73  5:25  Overlord  
  73  5:28  Overlord  
  73  5:32  Roach x3  
  73  5:34  Roach x2  
  73  5:35  Drone  
  83  5:38  Drone x2  
  83  5:39  Drone  
  83  5:41  Drone  
  86  5:49  Drone x5  
  91  5:52  Drone  
  92  6:02  Extractor  
  93  6:04  Drone x4  
  93  6:06  Glial Reconstitution  
  93  6:07  Zerg Missile Weapons Level 1  
  93  6:11  Extractor, Overseer  
  92  6:16  Queen x2  
  96  6:19  Drone  
  96  6:20  Drone  
  96  6:22  Overlord  
  96  6:23  Overseer  
  96  6:25  Overseer  
  98  6:26  Drone  
  98  6:30  Roach  
  101  6:34  Overlord  
  101  6:37  Roach  
  101  6:38  Roach  
  105  6:48  Roach, Overlord  
  105  6:49  Overlord  
  105  6:51  Extractor, Overlord  
  105  6:53  Extractor, Evolution Chamber  
  99  7:04  Drone x3  
  99  7:07  Roach x3  
  107  7:11  Drone x3  
  107  7:12  Drone x3  
  106  7:22  Baneling Nest  
  105  7:24  Drone x4  
  105  7:28  Roach  
  105  7:29  Roach x5  
  121  7:41  Drone x2, Overlord  
  122  7:45  Drone  
  122  7:46  Drone x2  
  122  7:50  Drone x4  
  128  8:01  Zerg Melee Weapons Level 1  
  128  8:03  Zerg Missile Weapons Level 2  
  128  8:04  Drone  
  129  8:13  Zergling x16  
  129  8:17  Hatchery  
  136  8:21  Zergling x8  
  136  8:22  Centrifical Hooks  
  140  8:27  Ravager x5  
  140  8:28  Ravager  
  140  8:31  Overlord x2  
  146  8:43  Overlord  
  146  8:51  Ravager x2  
  146  8:52  Zergling x26, Ravager  
  161  8:57  Baneling x2  
  161  8:58  Baneling x4  
  161  8:59  Baneling x7  
  161  9:04  Zergling x8  
  165  9:18  Zergling x10  
  170  9:25  Overlord x3  
  170  9:26  Overlord x2  
  170  9:35  Zergling x8  
  174  9:42  Baneling x4  
  174  9:43  Baneling x8  
  173  9:46  Zergling x16  
  174  9:54  Zergling x6  
  159  10:00  Zergling x2  
  139  10:08  Zergling x2  
  139  10:09  Zergling x16  
  127  10:15  Roach x2  
  127  10:19  Drone x3  
  132  10:22  Zerg Melee Weapons Level 2  
  132  10:23  Baneling x10  
  132  10:24  Zerg Ground Armor Level 1  
  132  10:30  Drone x6  
  132  10:34  Ravager x4  
  142  10:40  Roach x4  
  142  10:42  Zergling x4  
  152  10:47  Zergling x8  
  152  10:48  Zergling x2  
  149  10:59  Drone  
  149  11:00  Drone  
  149  11:01  Queen, Infestation Pit  
  152  11:08  Zergling x2  
  152  11:09  Zergling x20  
  163  11:12  Baneling x8  
  163  11:13  Baneling x2  
  163  11:15  Drone  
  164  11:22  Zergling x10  
  164  11:23  Baneling x4  
  170  11:27  Baneling x13  
  170  11:28  Baneling x3  
  170  11:29  Zergling x2  
  170  11:30  Zergling x2  
  172  11:36  Drone  
  172  11:39  Infestation Pit  
  172  11:40  Zergling x18  
  181  11:50  Hatchery  
  180  11:56  Zergling x16  
  174  12:08  Zergling x16  
  174  12:15  Baneling x5  
  180  12:16  Baneling x2  
  180  12:18  Spire, Hive  
  180  12:22  Zergling x14, Roach x2  
  190  12:29  Baneling  
  190  12:30  Baneling x15  
  190  12:33  Overlord  
  190  12:36  Zergling x4  
  190  12:37  Zergling x6  
  191  12:47  Baneling x7  
  191  12:49  Zergling x6  
  191  12:50  Zergling x14  
  194  13:00  Zergling x2  
  194  13:01  Zergling x10  
  195  13:07  Baneling x6  
  195  13:18  Zergling x8  
  198  13:20  Baneling  
  198  13:21  Baneling x14  
  198  13:26  Zergling x6  
  198  13:27  Zergling x20  
  192  13:31  Zergling x2  
  144  13:38  Zergling x6  
  132  13:50  Zergling x22  
  132  13:53  Baneling x3  
  132  13:54  Baneling x2  
  135  14:00  Zergling x12  
Show
View Real Time Build Order
Export as new Build Order

Zest Protoss - Winner!

Build Orders: 4 Gate Adept, 1 Gate Expand, Mass Adepts 

Get SALT Encoding   

  12  0:00  Probe  
  13  0:14  Pylon  
  13  0:17  Probe (Chrono Boost)  
  15  0:29  Probe (Chrono Boost)  
  15  0:35  Probe (Chrono Boost)  
  15  0:39  Gateway  
  16  0:44  Probe  
  16  0:48  Assimilator  
  17  0:56  Probe  
  18  1:08  Probe  
  19  1:20  Probe  
  19  1:25  Nexus  
  20  1:34  Cybernetics Core  
  20  1:37  Probe  
  21  1:44  Assimilator  
  21  1:49  Probe  
  21  1:51  Pylon  
  22  2:01  Probe (Chrono Boost)  
  23  2:10  Stalker  
  23  2:11  Warp Gate  
  23  2:14  Probe (Chrono Boost)  
  26  2:20  Probe (Chrono Boost)  
  27  2:29  Probe (Chrono Boost)  
  28  2:30  Twilight Council  
  27  2:38  Probe (Chrono Boost)  
  31  2:46  Probe (Chrono Boost)  
  31  2:47  Probe (Chrono Boost)  
  30  2:51  Robotics Facility  
  30  2:52  Probe x2 (Chrono Boost)  
  30  2:57  Gateway  
  32  3:02  Adept (Chrono Boost)  
  34  3:10  Gateway  
  34  3:16  Resonating Glaives (Chrono Boost)  
  34  3:17  Pylon  
  32  3:26  Gateway  
  32  3:37  Probe x2  
  32  3:38  Warp Prism (Chrono Boost)  
  36  3:42  Pylon  
  36  3:49  Probe x2  
  36  3:55  Pylon  
  38  3:59  Adept x2  
  42  4:04  Adept  
  42  4:05  Probe x2  
  42  4:06  Observer (Chrono Boost)  
  47  4:11  Pylon  
  47  4:16  Assimilator  
  47  4:25  Adept x4  
  47  4:28  Probe x2  
  57  4:32  Pylon  
  57  4:46  Adept  
  57  4:47  Adept x3  
  57  4:50  Pylon  
  59  5:07  Adept x2  
  59  5:08  Adept x2  
  59  5:09  Probe x2  
  59  5:11  Pylon  
  70  5:21  Probe x2  
  70  5:22  Pylon  
  70  5:28  Adept x4  
  79  5:36  Pylon  
  79  5:53  Probe x2  
  77  5:58  Adept x4  
  77  6:02  Assimilator  
  85  6:05  Probe x2  
  85  6:08  Observer  
  87  6:17  Probe  
  88  6:21  Stalker x2  
  88  6:22  Stalker x2  
  96  6:27  Nexus  
  96  6:33  Probe x2  
  96  6:35  Pylon  
  98  6:45  Probe x2  
  98  6:46  Blink (Chrono Boost)  
  100  6:51  Forge  
  100  6:53  Pylon  
  88  7:17  Probe x2, Sentry x2  
  88  7:18  Sentry x2  
  88  7:20  Immortal (Chrono Boost)  
  88  7:21  Gateway  
  102  7:23  Gateway  
  102  7:24  Protoss Ground Weapons Level 1 (Chrono Boost)  
  102  7:27  Gateway  
  102  7:35  Probe x2  
  104  7:38  Gateway  
  104  7:51  Stalker x2  
  104  7:52  Stalker  
  104  7:54  Immortal (Chrono Boost)  
  114  8:05  Pylon  
  114  8:07  Assimilator  
  114  8:08  Assimilator  
  114  8:10  Probe x3  
  117  8:16  Templar Archives  
  116  8:23  Adept  
  116  8:25  Pylon  
  116  8:26  Probe x2  
  120  8:28  Pylon  
  120  8:35  Probe, Psionic Storm  
  120  8:38  Probe  
  120  8:39  Photon Cannon  
  122  8:46  Immortal  
  126  8:56  Shield Battery  
  126  8:58  Shield Battery  
  126  8:59  Charge (Chrono Boost)  
  126  9:00  Shield Battery  
  126  9:01  High Templar x2  
  130  9:20  Gateway, Photon Cannon  
  130  9:22  Gateway, Photon Cannon  
  130  9:25  High Templar x2, Gateway  
  130  9:27  Gateway  
  130  9:28  Immortal  
  138  9:44  High Templar  
  140  9:47  Photon Cannon  
  140  9:52  Stalker x2  
  142  9:53  Stalker x3  
  142  9:57  Probe  
  118  10:13  Zealot  
  108  10:17  Protoss Ground Armor Level 1  
  108  10:20  Archon  
  108  10:21  High Templar x3  
  110  10:22  Zealot x4  
  110  10:25  Probe (Chrono Boost)  
  110  10:26  Probe x2 (Chrono Boost)  
  125  10:32  Zealot  
  125  10:34  Cybernetics Core  
  125  10:35  Probe x3 (Chrono Boost)  
  130  10:40  Probe (Chrono Boost)  
  130  10:42  Zealot  
  133  10:44  Observer (Chrono Boost)  
  133  10:45  Probe x2  
  136  10:58  High Templar  
  136  10:59  High Templar, Zealot x7  
  136  11:00  Zealot  
  136  11:02  Archon  
  156  11:11  Observer (Chrono Boost)  
  157  11:18  Photon Cannon  
  157  11:24  Pylon  
  157  11:27  Pylon  
  157  11:41  Nexus  
  157  11:43  Pylon, High Templar x4  
  157  11:45  Pylon  
  157  11:46  Pylon  
  165  11:47  Stalker x3  
  165  11:48  Archon x2, Pylon  
  165  11:50  Stalker  
  173  12:05  Zealot  
  173  12:07  Zealot x3  
  181  12:11  Nexus  
  181  12:17  High Templar  
  181  12:18  High Templar, Stalker x2  
  189  12:23  Archon  
  189  12:26  Shield Battery  
  189  12:35  Zealot x5  
  187  12:45  Observer  
  185  12:54  Probe x3  
  185  12:57  Observer  
  174  13:06  Probe  
  174  13:09  Zealot x8  
  124  13:35  Zealot x8  
  130  13:43  High Templar x4  
  138  13:49  Archon  
  138  13:50  Archon  
  106  14:06  Zealot x8  

Tags
 
Add a new tag
Caveats
  • Supply blocks, unpowered buildings, or Contaminate may cause inaccurate times.
  • Supply counts are checked every 10 seconds.